AoeStats
← apyrupa_master

Arena

508109307Analyzed
4v4 RM · 13d ago on Sep 20, 2026· 21m 18s· 8 players
Game mode
Random Map
Map size
Large (8 player)
Population
200
Speed
Normal
Resources
Standard
Victory
Conquest
Starting age
Dark Age
Ending age
Imperial Age
RankedLock teamsTeams togetherTeam positionsShared explorationLock speedFull tech treeHidden civsTurbo modeCheats
Victory
Defeat
🇧🇷 Franks · Brazil
1221
+12
🇧🇷 Persians · Brazil
1195
+13
🇧🇷 Khmer · Brazil
1181
+14
🇧🇷 Ethiopians · Brazil
1085
+19
🇺🇸 Bengalis · United States
1153
-15
🇨🇦 Slavs · Canada
1152
-15
🇨🇦 Burmese · Canada
1122
-35
🇲🇽 Gurjaras · Mexico
1117
-14
mark4u.24
10:57 Feudal Age
15:00 Castle Age
13:11 Horse Collar
13:45 Gold Mining
16:39 Heavy Plow
19:08 Loom
20:00 Wheelbarrow
Perc Fever
10:49 Feudal Age
15:21 Castle Age
14:16 Horse Collar
15:03 Double-Bit Axe
Lalopecia Chila
4:56 Loom
11:03 Feudal Age
15:45 Castle Age
13:34 Horse Collar
15:47 Double-Bit Axe
GR4Y_BE4RD
11:34 Feudal Age
12:55 Double-Bit Axe
15:36 Castle Age
14:02 Scale Barding Armor
14:10 Forging
15:01 Horse Collar
16:32 Bloodlines
apyrupa_master
7:51 Loom
10:52 Feudal Age
13:34 Castle Age
14:13 Double-Bit Axe
14:12 Horse Collar
apyrupa_NoMercy
5:09 Loom
11:04 Feudal Age
15:38 Castle Age
14:30 Double-Bit Axe
14:44 Horse Collar
18:18 Wheelbarrow
18:24 Bow Saw
APY_Edilsonnobre
11:02 Feudal Age
13:13 Double-Bit Axe
15:41 Castle Age
17:29 Bow Saw
apyrupa_Veloz
11:45 Feudal Age
15:33 Castle Age
14:58 Scale Barding Armor
14:54 Gold Mining
14:53 Double-Bit Axe
15:32 Forging
21:54 Bow Saw
Connection lost

Rejoining the realm…

Still unreachable

The connection could not be restored.

Session expired

The server has moved on; the page needs a fresh start.